Map: Catalyst LE

Players

IceCold - Winner!

  • Race: Zerg Zerg
  • League: Diamond
  • Spawn Location: 5:00

VOD

Have the link to the VOD?

Description

Time

  • Played on: July 29, 2018, 8:10 a.m.
  • Length: 12:50
Show
View Real Time Build Order
Export as new Build Order

IceCold Zerg - Winner!

Build Orders: Hatch First 

Get SALT Encoding   

  12  0:03  Drone  
  12  0:14  Overlord  
  12  0:17  Drone  
  12  0:32  Drone x2  
  12  0:35  Drone  
  12  0:56  Drone, Hatchery  
  12  0:59  Drone  
  12  1:09  Extractor  
  12  1:16  Spawning Pool  
  12  1:17  Drone  
  12  1:21  Drone  
  12  1:29  Drone  
  12  1:40  Overlord  
  12  2:03  Zergling x4  
  12  2:06  Queen  
  12  2:07  Queen  
  12  2:09  Drone  
  12  2:15  Metabolic Boost  
  12  2:17  Drone  
  12  2:21  Drone  
  12  2:35  Hatchery  
  12  2:36  Drone  
  12  2:38  Drone  
  12  2:41  Drone  
  12  2:49  Queen  
  12  2:56  Queen  
  12  3:01  Overlord  
  12  3:08  Drone x2  
  12  3:15  Evolution Chamber  
  12  3:19  Drone x3  
  12  3:20  Drone  
  12  3:26  Overlord  
  12  3:42  Zerg Melee Weapons Level 1  
  12  3:45  Drone x5  
  12  3:46  Overlord  
  12  3:52  Queen  
  12  3:59  Drone x2  
  12  4:02  Extractor  
  12  4:03  Drone x2  
  12  4:04  Drone  
  12  4:05  Drone  
  12  4:12  Lair  
  12  4:27  Overlord  
  12  4:35  Zergling x16  
  12  4:40  Pneumatized Carapace  
  12  4:45  Baneling Nest  
  12  4:46  Drone  
  12  4:47  Drone x5  
  12  4:54  Overlord x2  
  12  5:11  Zergling x4  
  12  5:13  Zergling x10  
  12  5:14  Zergling x2  
  12  5:29  Drone x6  
  12  5:30  Drone x2  
  12  5:33  Baneling x4  
  12  5:52  Baneling x4  
  12  6:01  Overlord  
  12  6:02  Overlord x2  
  12  6:03  Drone  
  12  6:04  Drone x7  
  12  6:17  Zerg Melee Weapons Level 2, Hatchery  
  12  6:19  Evolution Chamber  
  12  6:23  Extractor  
  12  6:24  Extractor  
  12  6:25  Hatchery  
  12  6:38  Drone x4  
  12  6:39  Drone x2  
  12  6:41  Extractor  
  12  6:43  Extractor  
  12  6:46  Drone x3  
  12  6:48  Drone x2  
  12  6:51  Drone x2  
  12  6:52  Drone x4  
  12  6:57  Hydralisk Den  
  12  6:59  Infestation Pit  
  12  7:06  Overlord x2  
  12  7:08  Zerg Ground Armor Level 1  
  12  7:14  Zergling x2  
  12  7:15  Zergling x22  
  12  7:29  Queen  
  12  7:32  Extractor  
  12  7:33  Drone, Extractor  
  12  7:34  Drone x2  
  12  7:35  Drone x3  
  12  7:39  Grooved Spines  
  12  7:41  Centrifical Hooks  
  12  7:45  Hive  
  12  7:49  Hydralisk  
  12  7:50  Hydralisk x3  
  12  8:03  Queen  
  12  8:12  Overlord x3  
  12  8:19  Spire  
  12  8:22  Hydralisk  
  12  8:23  Hydralisk x6, Zergling x2  
  12  8:24  Zergling x8  
  12  8:27  Overlord x4  
  12  8:47  Zergling x10  
  12  8:48  Zergling x8  
  12  8:51  Muscular Augments  
  12  8:57  Adrenal Glands  
  12  9:00  Zerg Melee Weapons Level 3  
  12  9:03  Baneling  
  12  9:04  Baneling x7  
  12  9:05  Zerg Ground Armor Level 2  
  12  9:09  Hatchery  
  12  9:13  Drone x3  
  12  9:14  Drone x2  
  12  9:22  Ultralisk Cavern  
  12  9:32  Overlord x2  
  12  9:35  Zergling x10  
  12  9:36  Zergling x14  
  12  9:45  Extractor  
  12  9:50  Extractor  
  12  9:59  Drone  
  12  10:00  Drone x3  
  12  10:01  Drone x2  
  12  10:04  Greater Spire  
  12  10:18  Hydralisk x4  
  12  10:19  Zergling x12  
  12  10:20  Zergling x32  
  12  10:25  Baneling x6  
  12  10:26  Baneling x11  
  12  10:34  Chitinous Plating  
  12  10:46  Overlord  
  12  11:11  Ultralisk x2  
  12  11:14  Spine Crawler  
  12  11:15  Spine Crawler  
  12  11:16  Spine Crawler  
  12  11:17  Spine Crawler  
  12  11:25  Baneling  
  12  11:26  Baneling x18  
  12  12:14  Corruptor x3  
Tags
 
Add a new tag
Caveats
  • Supply blocks, unpowered buildings, or Contaminate may cause inaccurate times.
  • Supply counts are checked every 10 seconds.